 Dungeon Crawl Stone Soup version 0.27.1-1-g398f81649c (webtiles) character file.

Game seed: 8575723283260073815

11593 bnorton916 the Thaumaturge (level 11, -1/54 HPs)
             Began as a Deep Elf Conjurer on Sept 15, 2021.
             Was an Initiate of Gozag.
             Slain by a dire elephant simulacrum (12 damage)
             ... in an ice cave.
             The game lasted 00:27:27 (16003 turns).

bnorton916 the Thaumaturge (Deep Elf Conjurer)     Turns: 16003, Time: 00:27:28

Health: -1/54      AC: 13    Str:  4    XL:     11   Next: 51%
Magic:  2/38       EV: 14    Int: 27    God:    Gozag
Gold:   2090       SH:  7    Dex: 13    Spells: 8/34 levels left

rFire    . . .     SeeInvis .   g - staff of conjuration
rCold    + + .     Faith    .   y - +2 buckler
rNeg     . . .     Spirit   .   z - +3 leather armour {rC+}
rPois    .         Reflect  .   d - +2 helmet
rElec    .         Harm     .   n - +0 cloak
rCorr    +         Rampage  .   t - +0 pair of gloves
Will     +++..                  v - +0 pair of boots of Vuluthos {rC+ Will++ rCorr}
Stlth    ++........             (no amulet)
HPRegen  0.18/turn              B - ring of magical power
MPRegen  0.26/turn              s - ring of wizardry

@: gold aura
A: no striking features
a: Renounce Religion, Potion Petition, Call Merchant, Bribe Branch


You were in an ice cave.
You worshipped Gozag.
Gozag was most pleased with you.
You visited 2 branches of the dungeon, and saw 12 of its levels.
You also visited: Bailey and Ice Cave.

You collected 3207 gold pieces.
You spent 1092 gold pieces at shops.
You paid 25 gold pieces to Gozag.

Inventory:

Hand Weapons
 r - a +1 dagger of protection
Missiles
 c - a throwing net
 o - 8 curare-tipped darts
Armour
 d - a +2 helmet (worn)
 n - a +0 cloak (worn)
 q - the +0 helmet of the Worm {Will- Str+5}
   (You bought it in a shop on level 5 of the Dungeon)

   Str:       It affects your strength (+5).
   Will:      It decreases your willpower.
 t - a +0 pair of gloves (worn)
 v - the +0 pair of boots of Vuluthos (worn) {rC+ Will++ rCorr}
   (You bought it in a shop on level 5 of the Dungeon)

   rC:        It protects you from cold.
   rCorr:     It protects you from acid and corrosion.
   Will:      It greatly increases your willpower.
 y - a +2 buckler (worn)
 z - a +3 leather armour of cold resistance (worn)
Magical Staves
 g - a staff of conjuration (weapon)
Jewellery
 e - a ring of positive energy
 s - a ring of wizardry (right hand)
 w - a ring of flight
 A - a ring of positive energy
 B - a ring of magical power (left hand)
 K - a ring of positive energy
Wands
 b - a wand of flame (15)
 l - a wand of polymorph (12)
 F - a wand of acid (11)
 G - a wand of iceblast (10)
 M - a wand of paralysis (9)
Scrolls
 f - 2 scrolls of torment
 h - 3 scrolls of enchant armour
 i - 3 scrolls of blinking
 k - 2 scrolls of enchant weapon
 m - 5 scrolls of holy word
 p - 5 scrolls of teleportation
 D - a scroll of summoning
 H - a scroll of amnesia
 J - a scroll of brand weapon
Potions
 a - a potion of ambrosia
 j - 2 potions of attraction
 u - 4 potions of curing
 x - 2 potions of cancellation
 C - a potion of flight
 I - a potion of lignification
 N - a potion of might


   Skills:
 - Level 4.5 Armour
 - Level 9.0 Dodging
 - Level 2.4 Stealth
 - Level 4.0 Shields
 - Level 12.1 Spellcasting
 + Level 7.2 Conjurations
 - Level 6.3 Hexes
 - Level 5.3 Translocations
 + Level 2.8 Fire Magic
 + Level 1.8 Ice Magic
 - Level 7.0 Air Magic
 - Level 3.0 Poison Magic


You had 8 spell levels left.
You knew the following spells:

 Your Spells              Type           Power      Damage    Failure   Level
a - Magic Dart            Conj           100%       1d8       1%          1
b - Searing Ray           Conj           100%       3d7       1%          2
c - Fulminant Prism       Conj/Hex       34%        3d16      1%          4
d - Iskenderun's Mystic   Conj/Tloc      66%        2d14      1%          4
e - Mephitic Cloud        Conj/Pois/Air  63%        N/A       1%          3
f - Ozocubu's Refrigerat  Ice            13%        4d7       100%        7
g - Fireball              Conj/Fire      30%        3d13      9%          5

Your spell library contained the following spells:

 Spells                   Type           Power      Damage    Failure   Level
 Ensorcelled Hibernation  Hex/Ice        76%        N/A       1%          2
 Static Discharge         Conj/Air       70%        N/A       1%          2
 Dazzling Flash           Conj/Hex       100%       N/A       1%          3
 Ignite Poison            Fire/Tmut/Pois 26%        N/A       3%          3
 Sticky Flame             Conj/Fire      60%        2d8       3%          4
 Silence                  Hex/Air        25%        N/A       4%          5
 Metabolic Englaciation   Hex/Ice        19%        N/A       12%         5
 Dispel Undead            Necr           16%        3d10      22%         4
 Alistair's Intoxication  Tmut/Pois      16%        N/A       32%         5
 Starburst                Conj/Fire      30%        6d9       41%         6
 Agony                    Necr           16%        N/A       52%         5
 Spellforged Servitor     Conj/Summ      26%        N/A       98%         7
 Ignition                 Fire           15%        3d6       100%        8
 Polar Vortex             Ice            13%        N/A       100%        9


Dungeon Overview and Level Annotations

Branches:
Dungeon (11/15)            Temple (1/1) D:7            Lair (0/6) D:11
    Orc (0/2) D:11         Bailey (visited)           IceCv (1/1)

Altars:
Ashenzari
Cheibriados
Fedhas
Gozag
Hepliaklqana
Kikubaaqudgha
Nemelex Xobeh
Qazlal
Sif Muna
Vehumet
Wu Jian
The Shining One

Shops:
D:5 [


Message History

Unknown command.
Unknown command.
Unknown command.
Okay, then.
Casting: Iskenderun's Mystic Blast (dangerous; 1% risk of failure)
Confirm with . or Enter, or press ? or * to list all spells.
Aiming: Magic Dart (safe; 1% risk of failure)
Press: ? - help, Shift-Dir - straight line, f - cane toad simulacrum
Aim: a cane toad simulacrum (almost destroyed, 100% to hit)
You feel a surge of power!
The magic dart hits the cane toad simulacrum.
The cane toad simulacrum vaporises!
The naga simulacrum is no longer distracted by gold.
The dire elephant simulacrum tramples you!
The dire elephant simulacrum freezes you!
You resist.
You block the dire elephant simulacrum's attack.
You see here 7 gold pieces.
Unknown command.
There is an ice covered gate leading back out of this place here.
You see here 8 gold pieces.
Unknown command.
Aiming: Throw Flame
Press: ? - help, Shift-Dir - straight line, f - dire elephant simulacrum
Aim: a dire elephant simulacrum (lightly damaged, 100% to hit)
The puff of flame hits the dire elephant simulacrum.
The dire elephant simulacrum melts!
The dire elephant simulacrum is moderately damaged.
The dire elephant simulacrum tramples you.
The dire elephant simulacrum freezes you.
You resist.
* * * LOW HITPOINT WARNING * * *
The dire elephant simulacrum trunk-slaps you but does no damage.
You feel better.
The dire elephant simulacrum tramples you!
* * * LOW HITPOINT WARNING * * *
The dire elephant simulacrum freezes you!
You resist.
You die...
Your body crumbles into a pile of gold.

#### ##..##
##....### °
#.......##..
#.@Z∩$$.....
#.$$.Z.....#
##..$.##$$##
##..## ##
####


You could see a dire elephant simulacrum and a naga simulacrum.

Vanquished Creatures
  2 two-headed ogres (D:9)
  Maggie (D:8)
  A troll (D:10)
  Grinder (D:3)
  A hornet (D:10)
  A shadow (D:9)
  20 yaks
  A vampire (D:10)
  A death yak simulacrum (IceCv)
  2 steam dragons
  4 acid dragons
  4 water moccasins
  A hornet zombie (D:8)
  A sky beast (D:7)
  2 orc warriors
  4 ogres
  A necrophage (D:8)
  A phantom (D:5)
  5 centaurs
  4 kobold brigands
  A wyvern zombie (D:7)
  A bullfrog (D:9)
  A two-headed ogre simulacrum (D:11)
  A scorpion (D:6)
  3 cane toad simulacra (IceCv)
  A water moccasin zombie (D:5)
  A water moccasin skeleton (D:5)
  7 killer bees
  An elephant simulacrum (IceCv)
  5 wights (D:7)
  A howler monkey (D:9)
  6 centaur zombies
  2 bullfrog zombies (D:5)
  5 orc priests
  4 hounds
  3 jellies
  A gnoll shaman (D:6)
  A bullfrog skeleton (D:6)
  3 iguanas
  15 orc wizards
  2 polar bear simulacra (IceCv)
  A troll simulacrum (IceCv)
  A wolf simulacrum (IceCv)
  2 howler monkey zombies
  A howler monkey skeleton (D:7)
  5 adders
  11 gnolls
  A naga simulacrum (D:11)
  A shadow imp (D:8)
  A white imp (D:7)
  An ufetubus (D:4)
  An adder skeleton (D:4)
  2 worms (D:2)
  27 orcs
  5 endoplasms
  5 giant cockroaches
  8 goblins
  4 hobgoblins
  19 kobolds
  3 quokkas
  7 ball pythons
  A bat (D:3)
  4 frilled lizards
  4 rats
238 creatures vanquished.

Vanquished Creatures (others)
  41 fulminant prisms
41 creatures vanquished.

Grand Total: 279 creatures vanquished

Notes
Turn   | Place    | Note
-------+----------+-------------------------------------------
     0 | D:1      | bnorton916 the Deep Elf Conjurer began the quest for the
                  | Orb.
     0 | D:1      | Reached XP level 1. HP: 10/10 MP: 6/6
   184 | D:1      | Reached XP level 2. HP: 15/15 MP: 4/8
   320 | D:1      | Got Sif Muna's Incunabulum of Toxins
   702 | D:1      | Found a faded altar of an unknown god.
   829 | D:2      | Learned a level 2 spell: Searing Ray
  1028 | D:2      | Reached skill level 4 in Spellcasting
  1028 | D:2      | Reached skill level 5 in Conjurations
  1028 | D:2      | Reached XP level 3. HP: 19/19 MP: 4/10
  1718 | D:2      | Found an opulent altar of Gozag.
  1736 | D:2      | Became a worshipper of Gozag Ym Sagoz the Greedy
  2225 | D:3      | Noticed an ogre
  2259 | D:3      | Reached XP level 4. HP: 24/24 MP: 8/12
  2353 | D:3      | Noticed Grinder
  2361 | D:3      | Killed Grinder
  2362 | D:3      | Reached skill level 6 in Spellcasting
  2362 | D:3      | Reached XP level 5. HP: 28/28 MP: 3/15
  2362 | D:3      | Reached XP level 6. HP: 32/32 MP: 3/17
  2372 | D:3      | Learned a level 4 spell: Fulminant Prism
  2377 | D:3      | Learned a level 4 spell: Iskenderun's Mystic Blast
  2480 | D:3      | Noticed a water moccasin
  2490 | D:3      | Killed a water moccasin
  2491 | D:3      | Reached skill level 1 in Translocations
  3861 | D:4      | Reached XP level 7. HP: 36/36 MP: 12/18
  4761 | D:4      | Reached skill level 5 in Hexes
  4943 | D:5      | Entered Level 5 of the Dungeon
  5141 | D:5      | Reached skill level 5 in Translocations
  5193 | D:5      | You fall into a shaft and drop 3 floors!
  5204 | D:8      | Reached XP level 8. HP: 26/41 MP: 9/19
  5504 | D:7      | Learned a level 3 spell: Mephitic Cloud
  5648 | D:7      | Reached skill level 1 in Armour
  5648 | D:7      | Reached skill level 1 in Poison Magic
  5824 | D:7      | Found a flagged portal.
  5833 | Bailey   | Entered a bailey
  5947 | Bailey   | HP: 2/41 [orc warrior/bolt (19)]
  8017 | D:5      | Found Ziogg's Antique Armour Boutique.
  8020 | D:5      | Bought a faintly glowing helmet for 266 gold pieces
  8020 | D:5      | Identified the +0 helmet of the Worm {Will- Str+5} (You
                  | bought it in a shop on level 5 of the Dungeon)
  8020 | D:5      | Bought a pair of fine boots for 266 gold pieces
  8020 | D:5      | Identified the +0 pair of boots of Vuluthos {rC+ Will++
                  | rCorr} (You bought it in a shop on level 5 of the Dungeon)
  8020 | D:5      | Bought a shiny buckler for 210 gold pieces
  8037 | D:5      | Identified 3 scrolls of acquirement
  8037 | D:5      | Acquired the Guide on Frigorific Battle Magic
  8042 | D:5      | Acquired a staff of conjuration
  8044 | D:5      | Acquired 857 gold pieces
  8049 | D:5      | Bought a shiny helmet for 210 gold pieces
  8049 | D:5      | Bought a glowing leather armour for 140 gold pieces
  8094 | D:6      | Reached skill level 5 in Dodging
  8675 | D:5      | Reached XP level 9. HP: 45/45 MP: 7/20
  9696 | D:7      | Found a broken altar of Ashenzari.
  9744 | D:7      | Found an ancient bone altar of Kikubaaqudgha.
  9744 | D:7      | Found an opulent altar of Gozag.
 10370 | D:7      | Reached skill level 7 in Spellcasting
 10773 | D:7      | Found a staircase to the Ecumenical Temple.
 10784 | Temple   | Entered the Ecumenical Temple
 10970 | D:8      | Reached skill level 8 in Spellcasting
 11382 | D:8      | Learned a level 7 spell: Ozocubu's Refrigeration
 11622 | D:8      | Noticed Maggie
 11631 | D:8      | Killed Maggie
 11632 | D:8      | Reached skill level 9 in Spellcasting
 11632 | D:8      | Reached skill level 1 in Air Magic
 11632 | D:8      | Reached XP level 10. HP: 50/50 MP: 15/25
 12201 | D:8      | Reached skill level 1 in Shields
 12325 | D:8      | Found a sparkling altar of Nemelex Xobeh.
 13301 | D:9      | Noticed a two-headed ogre
 13305 | D:9      | Killed a two-headed ogre
 13306 | D:9      | Reached skill level 10 in Spellcasting
 13756 | D:9      | Noticed a two-headed ogre
 13766 | D:9      | Killed a two-headed ogre
 14291 | D:10     | Entered Level 10 of the Dungeon
 14349 | D:10     | Reached skill level 11 in Spellcasting
 14349 | D:10     | Reached skill level 5 in Air Magic
 14445 | D:10     | Reached XP level 11. HP: 54/54 MP: 11/28
 15117 | D:10     | Reached skill level 12 in Spellcasting
 15316 | D:10     | Learned a level 5 spell: Fireball
 15422 | D:10     | Reached skill level 1 in Fire Magic
 15879 | D:11     | Reached skill level 1 in Ice Magic
 15945 | D:11     | Found a frozen archway.
 15963 | IceCv    | Entered an ice cave
 16003 | IceCv    | Slain by a dire elephant simulacrum

Illustrated notes

Levels and vault maps discovered:
D:1:      scummos_arrival_checkerplants, layout_basic,
          shapermc_ecumenical_altar_hornbeckon, chequers_serial_rivers_micro_b
D:2:      layout_rooms, basic_altar, chequers_serial_rivers_large_a,
          minmay_pentomino_pile
D:3:      layout_loops_ring, grunt_ministairs_2, lightli_corner_chamber,
          uniq_grinder
D:4:      layout_loops_corners
D:5:      layout_basic, serial_shops, nicolae_take_the_stairs
D:6:      layout_cave_pods
D:7:      layout_basic, grunt_temple_overflow_open, temple_green,
          enter_ossuary_1, enter_bailey_6
D:8:      layout_basic, nemelex_spade_bored_becter, uniq_maggie
D:9:      minmay_inner_zag, layout_rooms, moated_statue
D:10:     layout_cave_pools, minmay_chambers_of_fives
D:11:     minmay_ornate_pinched, layout_cave_pods, david_orc_5,
          portal_ice_cave_entry_ice_simulacra
Temple:   eino_narrow_crystal_temple
IceCv:    ice_cave_small_necro

Skill      XL: |  1  2  3  4  5  6  7  8  9 10 11 |
---------------+----------------------------------+-----
Spellcasting   | 4 6 9 11 12 | 12.1
Conjurations   | 5 6 7 |  7.2
Hexes          | 3 6 |  6.3
Translocations | 3 5 |  5.3
Dodging        | 5 9 |  9.0
Armour         | 3 4 |  4.5
Poison Magic   | 3 |  3.0
Air Magic      | 1 5 7 |  7.0
Shields        | 4 |  4.0
Fire Magic     | 2 |  2.8
Ice Magic      | 1 |  1.8
Stealth        | |  2.4

Action                   |  1- 3 |  4- 6 |  7- 9 | 10-12 || total
-------------------------+-------+-------+-------+-------++-------
Melee: Dagger            |       |       |     5 |       ||     5
       Staff             |       |       |       |    10 ||    10
 Cast: Magic Dart        |    68 |    37 |   115 |    35 ||   255
       Searing Ray       |     2 |     6 |    46 |    45 ||    99
       Fulminant Prism   |       |       |    20 |    21 ||    41
       Iskenderun's Myst |       |       |     4 |    19 ||    23
       Mephitic Cloud    |       |       |     2 |       ||     2
       Fireball          |       |       |       |     1 ||     1
Evoke: Wand              |       |       |       |     1 ||     1
  Use: Potion            |       |     1 |       |     1 ||     2
       Scroll            |       |       |    14 |     7 ||    21
 Stab: Distracted        |       |       |       |     1 ||     1
Armor: Robe              |       |       |     9 |       ||     9
       Leather armour    |       |       |    15 |    42 ||    57
Dodge: Dodged            |     3 |     9 |    49 |    48 ||   109
Block: Buckler           |       |       |       |    21 ||    21
